 Dungeon Crawl Stone Soup version 0.31-a0-259-g771a54ca4b (webtiles) character file.

Game seed: 5796346959494359092

148 qw the Shooter (level 5, -5/30 HPs)
             Began as a Gargoyle Hexslinger on July 13, 2023.
             Slain by an ice beast (14 damage)
             ... on level 3 of the Dungeon.
             The game lasted 00:00:50 (1911 turns).

qw the Shooter (Gargoyle Hexslinger)                Turns: 1911, Time: 00:00:51

Health: -5/30      AC: 12    Str: 12    XL:     5   Next: 30%
Magic:  6/6        EV: 10    Int: 13    God:
Gold:   99         SH:  0    Dex: 14    Spells: 5/6 levels left

rFire   . . .        Y - +1 sling
rCold   . . .        (no shield)
rNeg    + . .        d - +0 ring mail
rPois   inf          (no helmet)
rElec   +            (no cloak)
rCorr   .            (no gloves)
SInv    .            f - +2 pair of boots
Will    .....        (no amulet)
Stlth   +            (no ring)
HPRegen 0.25/turn    (no ring)
MPRegen 0.10/turn

%: no passive effects
@: no status effects
A: sickness immunity, AC +4, negative energy resistance 1, electricity
resistance, torment resistance 1, petrification resistance
a: no special abilities


You were on level 3 of the Dungeon.
You visited 1 branch of the dungeon, and saw 3 of its levels.

You collected 99 gold pieces.


Innate Abilities, Weirdness & Mutations

You are immune to sickness and miasma.
Your stone body is resilient. (AC +4)
You are immune to poison.
You resist negative energy. (rN+)
You are resistant to electric shocks. (rElec)
You are resistant to unholy torment.
You are immune to petrification.


   Skills:
 - Level 2.2 Fighting
 + Level 4.8 Ranged Weapons
 - Level 1.0 Armour
 - Level 1.5 Dodging
 - Level 1.0 Spellcasting
 - Level 2.6 Hexes


You had 5 spell levels left.
You knew the following spells:

 Your Spells              Type           Power      Damage    Failure   Level
a - Slow                  Hex            28%        N/A       22%         1

Your spell library contained the following spells:

 Spells                   Type           Power      Damage    Failure   Level
 Inner Flame              Hex/Fire       4%         N/A       73%         3
 Portal Projectile        Hex/Tloc       8%         N/A       73%         3
 Cause Fear               Hex            3%         N/A       91%         4

Inventory:

Hand Weapons
 Y - a +1 sling (weapon)
Armour
 d - a +0 ring mail (worn)
 f - a +2 pair of boots (worn)
Jewellery
 g - a ring of ice
Scrolls
 j - a scroll of teleportation
Potions
 a - a potion of heal wounds {unknown}
 b - a potion of enlightenment {unknown}
 c - a potion of curing
 e - a potion of lignification {unknown}
 i - a potion of haste {unknown}

Dungeon Overview and Level Annotations

Branches:
Dungeon (3/15)

Altars:
Ru


Message History

You shoot a sling bullet.
The sling bullet barely misses the ice beast.
You shoot a sling bullet.
The sling bullet barely misses the ice beast.
You shoot a sling bullet.
The sling bullet completely misses the ice beast.
The ice beast barely misses you.
You shoot a sling bullet. The sling bullet hits the ice beast.
The ice beast is lightly wounded.
The ice beast hits you. The ice beast freezes you!
The ice beast barely misses you.
You shoot a sling bullet. The sling bullet hits the ice beast.
The ice beast is moderately wounded.
The ice beast misses you.
You shoot a sling bullet. The sling bullet hits the ice beast.
The ice beast is moderately wounded.
The ice beast hits you but does no damage.
You shoot a sling bullet. The sling bullet hits the ice beast.
The ice beast is heavily wounded.
The ice beast completely misses you.
You shoot a sling bullet. The sling bullet hits the ice beast.
The ice beast is severely wounded.
The ice beast hits you but does no damage.
The ice beast completely misses you.
You shoot a sling bullet.
The sling bullet hits the ice beast but does no damage.
The ice beast is severely wounded.
The ice beast barely misses you.
You shoot a sling bullet.
The sling bullet closely misses the ice beast.
The ice beast hits you but does no damage.
You shoot a sling bullet.
The sling bullet completely misses the ice beast.
The ice beast hits you. The ice beast freezes you!
You shoot a sling bullet.
The sling bullet hits the ice beast but does no damage.
The ice beast is severely wounded.
The ice beast hits you but does no damage.
The ice beast hits you. The ice beast freezes you!
You die...

..........#.....#......#......
#...........#................
............#................
#.....^#....#...........
...................###..
......###..##......# #..
#...###...#......# #..
#.......#......# ###
#.Y@....#.###### #..>.......#
#.##.......# #. ........# #
###....### ######


You could see an ice beast.

Vanquished Creatures
  2 hounds (D:3)
  A gnoll (D:3)
  3 adders (D:2)
  2 worms
  A dart slug (D:2)
  4 bats
  4 endoplasms
  A giant cockroach (D:1)
  A goblin (D:2)
  5 hobgoblins
  2 jackals (D:1)
  4 kobolds
  3 quokkas
  4 ball pythons
  6 frilled lizards
  6 rats
49 creatures vanquished.

Notes
Turn   | Place    | Note
-------+----------+-------------------------------------------
     0 | D:1      | qw the Gargoyle Hexslinger began the quest for the Orb.
     0 | D:1      | Reached XP level 1. HP: 12/12 MP: 2/2
     0 | D:1      | 0 ||| qw: Version: 0.3-a-52-g30416fa
     0 | D:1      | 0 ||| qw: Game counter: 6940
     0 | D:1      | 0 ||| qw: Melee chars always use a shield: true
     0 | D:1      | 0 ||| qw: God list: Okawaru
     0 | D:1      | 0 ||| qw: Allow faded altars: false
     0 | D:1      | 0 ||| qw: Do Orc after clearing Dungeon:15 true
     0 | D:1      | 0 ||| qw: Do second Lair branch before Depths: true
     0 | D:1      | 0 ||| qw: Lair rune preference: random
     0 | D:1      | 0 ||| qw: Goals: Normal
     0 | D:1      | 0 ||| PLANNING D:1-11
   300 | D:1      | Reached XP level 2. HP: 16/16 MP: 3/3
   372 | D:1      | Reached skill level 3 in Ranged Weapons
   867 | D:1      | 867 ||| UPGRADING to +0 ring mail.
   877 | D:1      | 877 ||| DROPPING +0 robe.
   878 | D:1      | 878 ||| UPGRADING to +0 pair of boots.
   883 | D:1      | 883 ||| READING scroll labelled YDGHO ZARU TEPS.
   886 | D:1      | 886 ||| DROPPING scroll of poison.
   933 | D:2      | Reached XP level 3. HP: 18/21 MP: 4/4
   951 | D:2      | You fall into a shaft and drop 1 floor!
  1014 | D:2      | Reached skill level 1 in Armour
  1059 | D:2      | Reached XP level 4. HP: 26/26 MP: 5/5
  1099 | D:2      | Found a sacrificial altar of Ru.
  1533 | D:2      | 1533 ||| UPGRADING to +2 pair of boots.
  1543 | D:2      | 1543 ||| DROPPING +0 pair of boots.
  1544 | D:2      | 1544 ||| READING scroll labelled WACSUS UTRIMMA.
  1545 | D:2      | 1545 ||| READING scroll labelled WONEIL HYKH.
  1546 | D:2      | 1546 ||| DRINKING 2 dark potions.
  1672 | D:3      | Reached skill level 4 in Ranged Weapons
  1676 | D:3      | Reached XP level 5. HP: 23/30 MP: 6/6
  1897 | D:3      | Noticed an ice beast
  1911 | D:3      | Slain by an ice beast

Levels and vault maps discovered:
D:1:      dpeg_arrival_erosion, layout_loops_corners
D:2:      minmay_angry_zag, layout_rooms, basic_altar
D:3:      layout_basic, nicolae_ecumenical_lake_church, serial_shops, shop,
          cheibrodos_gnoll_hut

Skill      XL: |  1  2  3  4 |
---------------+-------------+-----
Ranged Weapons | 3 4 |  4.8
Fighting       | 2 |  2.2
Armour         | 1 |  1.0
Dodging        | |  1.5
Spellcasting   | |  1.0
Hexes          | |  2.6

Action                     |  1- 3 |  4- 6 || total
---------------------------+-------+-------++-------
   Fire: Sling             |   100 |   135 ||   235
    Use: Scroll            |     1 |     2 ||     3
         Potion            |       |     1 ||     1
 Armour: Robe              |    10 |       ||    10
         Ring mail         |    16 |    46 ||    62
  Dodge: Dodged            |    41 |    66 ||   107

Table legend:
 A = Non-vault XP
 B = Vault XP
 C = Vault XP percentage of total XP
 D = Non-vault monster count
 E = Vault monster count
 F = Vault count percentage of total count
                 A         B        C        D         E       F
            +---------+---------+-------+---------+---------+-------
      Total |      82 |     130 |  61.3 |      40 |       9 |  18.4
            +---------+---------+-------+---------+---------+-------
        D:1 |      24 |       0 |   0.0 |      15 |       0 |   0.0
        D:2 |      44 |      33 |  42.9 |      18 |       6 |  25.0
        D:3 |      14 |      97 |  87.4 |       7 |       3 |  30.0
            +---------+---------+-------+---------+---------+-------
